 Dungeon Crawl Stone Soup version 0.29.1-15-g9cfb28693d (webtiles) character file.

Game seed: 5554521494122226136

1638 safid the Frost Mage (level 8, 0/65 HPs)
             Began as a Merfolk Ice Elementalist on Apr 17, 2023.
             Was an Initiate of Vehumet.
             Killed from afar by an electric eel (10 damage)
             ... with a bolt of electricity
             ... on level 6 of the Dungeon.
             The game lasted 00:12:00 (7230 turns).

safid the Frost Mage (Merfolk Ice Elementalist)     Turns: 7230, Time: 00:12:01

Health: 0/65       AC:  2    Str:  8    XL:     8   Next: 98%
Magic:  11/17      EV: 15    Int: 16    God:    Vehumet [......]
Gold:   226        SH:  0    Dex: 15    Spells: 12/19 levels left

rFire   . . .      SeeInvis .   c - +2 whip (elec)
rCold   . . .      Faith    .   (no shield)
rNeg    . . .      Spirit   .   a - +0 robe
rPois   .          Reflect  .   (no helmet)
rElec   .          Harm     .   (no cloak)
rCorr   +          Rampage  .   (no gloves)
Will    .....                   (boots currently unavailable)
Stlth   +++.......              (no amulet)
HPRegen 0.20/turn               i - ring of resist corrosion
MPRegen 0.15/turn               (no ring)

@: very quick
A: nimble swimmer 2, mertail
a: Renounce Religion


You were on level 6 of the Dungeon.
You worshipped Vehumet.
Vehumet was noncommittal.
You visited 2 branches of the dungeon, and saw 7 of its levels.

You collected 363 gold pieces.
You spent 137 gold pieces at shops.

Inventory:

Hand Weapons
 c - a +2 whip of electrocution (weapon)
Armour
 a - a +0 robe (worn)
 l - a +0 pair of boots (melded)
Jewellery
 f - a ring of fire
 i - a ring of resist corrosion (left hand)
Wands
 k - a wand of polymorph (10)
 r - a wand of flame (16)
Scrolls
 d - a scroll of enchant armour
 e - 10 scrolls of teleportation
 j - a scroll of magic mapping
 o - a scroll of butterflies
 p - 2 scrolls of identify
 q - a scroll of enchant weapon
 s - a scroll of immolation {unknown}
 t - a scroll of summoning {unknown}
Potions
 b - 3 potions of magic
 g - a potion of attraction {unknown}
 h - 2 potions of flight {unknown}
 m - a potion of curing {unknown}
 n - a potion of degeneration {unknown}


   Skills:
 + Level 6.8 Fighting
 - Level 2.6 Dodging
 - Level 2.1 Stealth
 + Level 6.1 Spellcasting
 + Level 8.3 Ice Magic


You had 12 spell levels left.
You knew the following spells:

 Your Spells              Type           Power      Damage    Failure   Level
a - Freeze                Ice            100%       1d11      1%          1
b - Frozen Ramparts       Ice            62%        1d10      1%          3
c - Ozocubu's Armour      Ice            31%        N/A       1%          3

Your spell library contained the following spells:

 Spells                   Type           Power      Damage    Failure   Level
 Apportation              Tloc           8%         N/A       14%         1
 Foxfire                  Conj/Fire      16%        2x1d4     14%         1
 Scorch                   Fire           8%         2d5       21%         2
 Hailstorm                Conj/Ice       18%        3d6       24%         4
 Conjure Flame            Conj/Fire      4%         6-21      38%         3
 Inner Flame              Hex/Fire       4%         N/A       38%         3
 Flame Wave               Conj/Fire      4%         2d5       80%         4
 Alistair's Intoxication  Tmut/Pois      2%         N/A       98%         5
 Summon Cactus Giant      Summ           2%         N/A       100%        6


Dungeon Overview and Level Annotations

Branches:
Dungeon (6/15)             Temple (1/1) D:4

Altars:
Ashenzari
Cheibriados
Dithmenos
Elyvilon
Fedhas
Gozag
Hepliaklqana
Kikubaaqudgha
Makhleb
Nemelex Xobeh
Okawaru
Qazlal
Ru
Sif Muna
Trog
Uskayaw
Vehumet
Wu Jian
Xom
Yredelemnul
Zin

Shops:
D:2 (?=[?   D:4 [


Innate Abilities, Weirdness & Mutations

You are very nimble when in or above water. (Stealth+, EV+, Speed+++)
Your lower body shifts to a powerful aquatic tail in water.


Message History

The walls around you are covered in ice.
The wall freezes the centaur.
The centaur hits you. The centaur misses you.
Unknown command.
Casting: Frozen Ramparts (safe; 1% risk of failure)
Confirm with . or Enter, or press ? or * to list all spells.
Aiming: Freeze (safe; 1% risk of failure)
Press: ? - help, Shift-Dir - straight line, f - centaur
Aim: a centaur (lightly wounded)
You freeze the centaur.
The centaur is moderately wounded.
The wall freezes the centaur.
The centaur misses you. The centaur barely misses you.
The electric eel shoots out a bolt of lightning at you!
The bolt of electricity hits you!
Casting: Freeze (safe; 1% risk of failure)
Confirm with . or Enter, or press ? or * to list all spells.
Aiming: Freeze (safe; 1% risk of failure)
Press: ? - help, Shift-Dir - straight line, f/p - centaur
Aim: a centaur (heavily wounded)
You freeze the centaur!
The centaur is almost dead.
The wall freezes the centaur.
You kill the centaur!
Vehumet accepts your kill.
You hear a splash.
The electric eel shoots out a bolt of lightning at you!
The bolt of electricity hits you!!
* * * LOW HITPOINT WARNING * * *
Your frozen ramparts will break if you move.
Continue?
The frozen ramparts melt away as you move.
Casting: Freeze (safe; 1% risk of failure)
Confirm with . or Enter, or press ? or * to list all spells.
Aiming: Freeze (safe; 1% risk of failure)
Press: ? - help, Shift-Dir - straight line, f - electric eel
Aim: an electric eel (water)
You freeze the electric eel!
The electric eel is heavily wounded.
The electric eel shoots out a bolt of lightning at you!
The bolt of electricity hits you!
You die...

~~.~.~~..~~~~~~....#
≈≈≈≈≈~≈≈≈≈≈.≈≈≈≈≈~.
≈♣♣♣≈.≈♣ ♣≈.≈♣ ♣≈.#
≈♣ ♣≈~≈♣ ♣≈.≈♣ ♣≈~#
≈♣♣♣≈.≈♣♣♣≈.≈♣♣♣≈.#
≈≈≈≈≈~≈≈≈≈≈.≈≈≈≈≈.#
~~..~.~.~..~.~~.~)#
≈≈≈≈≈~≈≈≈≈≈~≈≈≈≈≈~#
≈♣♣♣≈.≈♣♣♣≈.≈♣♣♣@.#
≈♣ ♣≈.≈♣ ♣≈~≈♣ ♣S.#
≈♣♣♣≈^≈♣♣♣≈~≈♣♣♣≈~#
≈≈≈≈≈.≈≈≈≈≈.≈≈≈≈≈.#
~.~.~~.~~~~~~~~~.~#
≈≈≈≈≈.≈≈≈≈≈~≈≈≈≈≈.#
≈♣♣♣≈.≈♣♣♣≈~≈♣♣♣≈~#
≈♣ ♣≈~≈♣ ≈.≈♣ ♣≈~#
≈♣♣♣≈.≈♣ ~≈♣


You could see an electric eel.

Vanquished Creatures
  A two-headed ogre (D:5)
  An ice beast (D:6)
  2 black bears (D:4)
  A centaur (D:6)
  2 scorpions
  5 electric eels (D:6)
  2 hounds
  Natasha (D:2)
  3 iguanas (D:5)
  2 orc wizards (D:6)
  7 gnolls
  2 adders
  An ufetubus (D:5)
  An adder skeleton (D:2)
  2 adder zombies (D:2)
  A worm (D:5)
  6 orcs
  5 ball pythons
  A bat skeleton (D:2)
  A bat zombie (D:2)
  6 endoplasms
  4 giant cockroaches
  6 goblins
  5 hobgoblins
  A quokka (D:1)
  2 ball python skeletons (D:2)
  2 ball python zombies (D:2)
  6 bats
  3 frilled lizards
  3 giant cockroach zombies (D:2)
  7 kobolds
  7 rats
99 creatures vanquished.

Vanquished Creatures (others)
  2 bushes (D:4)
2 creatures vanquished.

Grand Total: 101 creatures vanquished

Notes
Turn   | Place    | Note
-------+----------+-------------------------------------------
     0 | D:1      | safid the Merfolk Ice Elementalist began the quest for the
                  | Orb.
     0 | D:1      | Reached XP level 1. HP: 13/13 MP: 3/3
   116 | D:1      | You fall into a shaft and drop 1 floor!
   245 | D:1      | Reached XP level 2. HP: 15/20 MP: 5/5
   338 | D:1      | Reached skill level 1 in Fighting
   792 | D:1      | Reached XP level 3. HP: 25/26 MP: 6/6
   804 | D:1      | Learned a level 3 spell: Frozen Ramparts
   862 | D:1      | Found a faded altar of an unknown god.
  1406 | D:2      | Found Zaonyull's Antique Weapon Boutique.
  1512 | D:2      | Found Vec Ott's Magic Scroll Emporium.
  1519 | D:2      | Bought a scroll of identify for 24 gold pieces
  1519 | D:2      | Bought a scroll of teleportation for 36 gold pieces
  1524 | D:2      | Noticed Natasha
  1536 | D:2      | Killed Natasha
  1537 | D:2      | Reached skill level 5 in Ice Magic
  1537 | D:2      | Reached XP level 4. HP: 21/33 MP: 1/8
  1545 | D:2      | Learned a level 3 spell: Ozocubu's Armour
  2070 | D:2      | Found Quduez's Magic Scroll Emporium.
  2075 | D:2      | Bought a scroll of teleportation for 33 gold pieces
  2102 | D:2      | Found Ylelapre's Antique Armour Boutique.
  2167 | D:2      | Found Zugoili's Jewellery Shop.
  2756 | D:2      | Bought a scroll of fear for 44 gold pieces
  3025 | D:4      | Found a sacrificial altar of Ru.
  3046 | D:4      | Reached XP level 5. HP: 33/39 MP: 3/9
  3184 | D:4      | Noticed a black bear
  3262 | D:4      | Killed a black bear
  3263 | D:4      | Reached XP level 6. HP: 45/47 MP: 1/11
  3422 | D:4      | Reached skill level 6 in Ice Magic
  3873 | D:4      | Found Yled's Armour Emporium.
  3886 | D:4      | Found a bloodstained altar of Trog.
  3983 | D:4      | Noticed a black bear
  3992 | D:4      | Killed a black bear
  3993 | D:4      | Reached XP level 7. HP: 53/54 MP: 3/13
  4083 | D:4      | Found a staircase to the Ecumenical Temple.
  4096 | Temple   | Entered the Ecumenical Temple
  4142 | Temple   | Became a worshipper of Vehumet
  4389 | D:5      | Entered Level 5 of the Dungeon
  4652 | D:5      | Noticed a two-headed ogre
  5479 | D:5      | HP: 1/55 [two-headed ogre/+0 dire flail (5)]
  5481 | D:5      | Killed a two-headed ogre
  5482 | D:5      | Reached skill level 5 in Fighting
  5482 | D:5      | Reached skill level 5 in Spellcasting
  5482 | D:5      | Reached skill level 7 in Ice Magic
  5482 | D:5      | Reached XP level 8. HP: 2/64 MP: 2/16
  6566 | D:6      | Found a stormy altar of Qazlal.
  6607 | D:6      | Reached skill level 8 in Ice Magic
  7230 | D:6      | Killed from afar by an electric eel

Illustrated notes

Levels and vault maps discovered:
D:1:      kilobyte_arrival_exit_the_forest, layout_rooms,
          dilly_ecumenical_altar_fadedgnrine
D:2:      layout_basic, serial_shops, nicolae_shop_hallway_plus, shop,
          nicolae_shop_hallway_plus, nicolae_shop_trees, nicolae_lakefront_shop,
          serial_undead, serial_undead_e, serial_undead_c, serial_undead_c,
          serial_undead_a, serial_undead_e, serial_undead_a, serial_undead_e,
          uniq_natasha
D:3:      layout_rooms
D:4:      layout_basic, mainiacjoe_overflow_catch_the_wave,
          minmay_temple_entry_drinking_statues, serial_shops, shop, hex_medium
D:5:      layout_basic, kennysheep_cross_room, nicolae_fountain_basement
D:6:      layout_basic, nicolae_qazlal_eye_of_the_storm, minivault_14,
          minmay_strange_pillars, kennysheep_boxes
Temple:   mainiacjoe_temple_bowtie_tessellation

Skill      XL: |  1  2  3  4  5  6  7  8 |
---------------+-------------------------+-----
Fighting       | 1 2 3 4 5 6 |  6.8
Ice Magic      | 5 6 7 8 |  8.3
Spellcasting   | 3 4 5 6 |  6.1
Dodging        | |  2.6
Stealth        | |  2.1

Action                   |  1- 3 |  4- 6 |  7- 9 || total
-------------------------+-------+-------+-------++-------
Melee: Whip              |    72 |    82 |    35 ||   189
       Unarmed           |     1 |       |       ||     1
       Punch             |       |       |     1 ||     1
 Cast: Freeze            |    12 |    14 |    37 ||    63
       Frozen Ramparts   |       |     9 |    11 ||    20
       Ozocubu's Armour  |       |     3 |     5 ||     8
  Use: Scroll            |       |       |     8 ||     8
 Stab: Sleeping          |     2 |     4 |       ||     6
Armor: Robe              |    21 |    37 |    11 ||    69
Dodge: Dodged            |    73 |    64 |    48 ||   185
